 Dungeon Crawl Stone Soup version 0.24-a0-447-ge8da9206dc (webtiles) character file.

Game seed: 4807573117199964779

6337 Krouwed the Covert (level 10, -1/60 HPs)
             Began as a Vampire Assassin on June 25, 2019.
             Was a Follower of Uskayaw.
             Slain by a warg (7 damage)
             ... on level 9 of the Dungeon.
             The game lasted 00:28:12 (10145 turns).

Krouwed the Covert (Vampire Assassin)              Turns: 10145, Time: 00:28:13

Health: -1/60      AC: 12    Str: 13    XL:     10   Next: 64%
Magic:  17/20      EV: 21    Int: 14    God:    Uskayaw [*.....]
Gold:   429        SH:  2    Dex: 21    Spells: 2/9 levels left

rFire    . . .     SeeInvis +   B - +3 dagger (venom)
rCold    + + .     Gourm    .   (no shield)
rNeg     + + +     Faith    .   G - +0 ring mail (curse)
rPois    ∞         Spirit   .   l - +1 helmet
rElec    .         Reflect  +   c - +0 cloak
rCorr    .         Harm     .   H - +0 pair of gloves
MR       +....                  o - +2 pair of boots
Stlth    ++++++++..             f - +2 amulet of reflection
HPRegen  0.00/turn              x - ring of magical power
MPRegen  0.17/turn              g - ring of wizardry

@: agile, bloodless, regenerating quickly
A: no food, fangs 3, see invisible, unbreathing
a: Bat Form, Revivify, Stomp, Renounce Religion


You were on level 9 of the Dungeon.
You worshipped Uskayaw.
Uskayaw was noncommittal.
You were bloodless.

You visited 2 branches of the dungeon, and saw 10 of its levels.

You collected 537 gold pieces.
You spent 108 gold pieces at shops.

Inventory:

Hand Weapons
 r - a +3 short sword
 B - a +3 dagger of venom (weapon)
Missiles
 d - 35 poisoned darts (quivered)
 e - 2 curare-tipped darts
 E - 4 silver javelins
Armour
 c - a +0 cloak (worn)
 l - a +1 helmet (worn)
 o - a +2 pair of boots (worn)
 G - a cursed +0 ring mail (worn)
 H - a +0 pair of gloves (worn)
Jewellery
 f - a +2 amulet of reflection (around neck)
 g - a ring of wizardry (right hand)
 x - a ring of magical power (left hand)
Wands
 A - a wand of flame (22)
 C - a wand of acid (3)
Scrolls
 a - a scroll of identify
 b - 2 scrolls of remove curse
 m - a scroll of random uselessness {unknown}
 n - 5 scrolls of teleportation {unknown}
 y - a scroll of amnesia
 z - 4 scrolls of enchant weapon
 D - a scroll of vulnerability {unknown}
 F - a scroll of acquirement {unknown}
 I - 2 scrolls of blinking {unknown}
 K - a scroll of torment {unknown}
Potions
 h - a potion of magic
 i - 2 potions of degeneration
 j - 3 potions of ambrosia
 k - 2 potions of curing
 p - a potion of cancellation
 q - a potion of might {unknown}
 t - a potion of resistance {unknown}
 u - a potion of lignification {unknown}
 v - a potion of heal wounds {unknown}
 w - a potion of flight {unknown}
 J - a potion of brilliance {unknown}


   Skills:
 + Level 6.3 Fighting
 + Level 7.4 Short Blades
 + Level 5.8 Throwing
 + Level 7.2 Dodging
 + Level 11.6 Stealth
 + Level 8.5 Hexes
 + Level 2.2 Invocations


You had 2 spell levels left.
You knew the following spells:

 Your Spells              Type           Power        Failure   Level  Hunger
a - Confuse               Hex            ###.....     2%          3    N/A
b - Cause Fear            Hex            ###.......   8%          4    N/A

Your spell library contained the following spells:

 Spells                   Type           Power        Failure   Level  Hunger
 Confusing Touch          Hex            ###...       1%          1    N/A
 Gell's Gravitas          Tloc           #.........   56%         3    N/A
 Metabolic Englaciation   Hex/Ice        ##........   73%         5    N/A
 Silence                  Hex/Air        ##........   73%         5    N/A
 Yara's Violent Unravell  Hex/Tmut       ##........   73%         5    N/A
 Petrify                  Tmut/Erth      #.......     91%         4    N/A
 Deflect Missiles         Chrm/Air       #.........   100%        6    N/A
 Discord                  Hex            ###.......   100%        8    N/A

Dungeon Overview and Level Annotations

Branches:
Dungeon (9/15)             Temple (1/1) D:5            Lair (0/6) D:8
    Orc (0/2) D:9

Altars:
Ashenzari
Cheibriados
Dithmenos
Elyvilon
Fedhas
Gozag
Hepliaklqana
Kikubaaqudgha
Makhleb
Nemelex Xobeh
Okawaru
Qazlal
Ru
Sif Muna
Trog
Uskayaw
Vehumet
Wu Jian
Xom
Yredelemnul
Zin
The Shining One

Shops:
D:5 *   D:6 (   D:8 :

Annotations:
D:9 1 runed translucent door, milododd's ghost, novice SpAK


Innate Abilities, Weirdness & Mutations

You do not eat.
You do not regenerate when monsters are visible.
You are frail without blood (-20% HP).
You are immune to poison.
You have razor-sharp teeth.
You have supernaturally acute eyesight. (SInv)
You can survive without breathing.


Message History

The hound resists with some effort.
The hound looks frightened!
The hound barks!
The warg bites you. The hound bites you. The warg closely misses you.
You completely miss the warg. The hound barely misses you. The warg bites you!
* * * LOW HITPOINT WARNING * * *
You can no longer pass through a line of other dancers.
You hit the warg but do no damage. You closely miss the warg.
The hound bites you but does no damage. The warg bites you!
* * * LOW HITPOINT WARNING * * *
You hit the hound.
The hound is poisoned.
Your bite misses the hound.
The hound is lightly wounded.
The hound bites you but does no damage.
You hit the warg but do no damage. The hound barely misses you.
You feel agile all of a sudden. The warg bites you but does no damage.
The hound completely misses you. The warg completely misses you.
The hound misses you.
You closely miss the warg. The warg bites you!
You die...

# .## ###.#
##...### #.
#..>...
...##....##
#.....#.##
#.#.....h##
#......#@#
#......h##
...........#
............##
.............###
......(........##
?...............#
....$.........##
.............###


You could see a warg and a hound.

Vanquished Creatures
  Erica (D:8)
  A two-headed ogre (D:7)
  A spriggan (D:7)
  2 wraiths (D:9)
  Grum (D:8)
  A warg (D:9)
  Duvessa (D:7)
  3 orc warriors
  2 sky beasts
  2 ice beasts
  2 phantoms
  3 wolves (D:8)
  5 ogres
  A necrophage (D:8)
  2 centaurs
  2 big kobolds
  A bullfrog (D:6)
  Dowan (D:7)
  A wyvern skeleton (D:9)
  3 scorpions
  6 killer bees (D:8)
  6 wights (D:6)
  An electric eel (D:9)
  5 jellies
  6 crimson imps
  A gnoll shaman (D:9)
  4 hounds
  4 orc priests
  7 orc wizards
  A bullfrog skeleton (D:6)
  Natasha (thrice) (D:3)
  3 iguanas
  A killer bee zombie (D:9)
  7 worker ants
  A hound zombie (D:5)
  A hound skeleton (D:6)
  2 worker ant zombies
  A gnoll (D:9)
  10 adders
  7 shadow imps
  An ooze (D:3)
  2 adder zombies
  2 adder skeletons
  A worm (D:2)
  4 dart slugs
  5 leopard geckos
  29 orcs
  9 bats
  9 giant cockroaches
  7 hobgoblins
  11 jackals
  13 kobolds
  4 quokkas
  2 ball pythons
  A frilled lizard (D:5)
  8 goblins
  10 rats
231 creatures vanquished.

Notes
Turn   | Place    | Note
-------+----------+-------------------------------------------
     0 | D:1      | Krouwed the Vampire Assassin began the quest for the Orb.
     0 | D:1      | Reached XP level 1. HP: 16/16 MP: 1/1
   118 | D:1      | Reached skill level 6 in Stealth
   118 | D:1      | Reached XP level 2. HP: 20/22 MP: 2/2
   375 | D:1      | Reached XP level 3. HP: 27/27 MP: 3/3
  1122 | D:2      | HP: 1/27 [poisoned by an adder]
  1641 | D:2      | Reached XP level 4. HP: 30/30 MP: 4/4
  2406 | D:3      | Reached XP level 5. HP: 34/35 MP: 5/5
  2630 | D:3      | Noticed Natasha
  2645 | D:3      | Reached skill level 7 in Stealth
  2793 | D:3      | Killed Natasha
  2914 | D:3      | Noticed Natasha
  2929 | D:3      | Killed Natasha
  2929 | D:3      | Reached XP level 6. HP: 30/42 MP: 6/6
  3304 | D:3      | Noticed Natasha
  3319 | D:3      | Killed Natasha
  3404 | D:4      | Learned a level 3 spell: Confuse
  3619 | D:4      | Reached skill level 1 in Hexes
  4074 | D:5      | Entered Level 5 of the Dungeon
  4098 | D:5      | Found a staircase to the Ecumenical Temple.
  4113 | D:5      | Noticed a sky beast
  4132 | D:5      | Killed a sky beast
  4132 | D:5      | Reached XP level 7. HP: 44/52 MP: 7/7
  4216 | Temple   | Entered the Ecumenical Temple
  4288 | Temple   | Became a worshipper of Uskayaw the Reveler
  4457 | D:5      | Reached * piety under Uskayaw
  4468 | D:5      | Reached ** piety under Uskayaw
  4480 | D:5      | Reached *** piety under Uskayaw
  4481 | D:5      | Reached skill level 8 in Stealth
  4485 | D:5      | Reached **** piety under Uskayaw
  4501 | D:5      | Found a bloodstained altar of Trog.
  4699 | D:5      | Found Vayfoa's Assorted Antiques.
  4705 | D:5      | Bought a scroll of remove curse for 81 gold pieces
  4705 | D:5      | Bought a scroll labeled JOJ POLOUJET for 27 gold pieces
  5339 | D:6      | Reached XP level 8. HP: 33/48 MP: 8/8
  5749 | D:6      | Reached skill level 5 in Short Blades
  5806 | D:6      | Reached skill level 9 in Stealth
  6122 | D:6      | Reached skill level 5 in Dodging
  6122 | D:6      | Reached skill level 5 in Hexes
  6334 | D:6      | Reached ***** piety under Uskayaw
  6685 | D:6      | Learned a level 4 spell: Cause Fear
  6703 | D:6      | Found Kunag's Antique Weapon Emporium.
  6862 | D:7      | Reached XP level 9. HP: 28/52 MP: 9/9
  7770 | D:7      | Noticed a two-headed ogre
  7815 | D:7      | Killed a two-headed ogre
  7815 | D:7      | Reached skill level 5 in Fighting
  7815 | D:7      | Reached skill level 10 in Stealth
  8057 | D:7      | Noticed Duvessa
  8077 | D:7      | Noticed Dowan
  8087 | D:7      | Killed Duvessa
  8087 | D:7      | Reached skill level 5 in Throwing
  8099 | D:7      | Killed Dowan
  8304 | D:7      | Found a shattered altar of Ashenzari.
  8576 | D:8      | Noticed Grum
  8580 | D:8      | Killed Grum
  8656 | D:8      | Found a staircase to the Lair.
  8670 | D:8      | Reached XP level 10. HP: 44/60 MP: 10/10
  9176 | D:8      | Reached skill level 11 in Stealth
  9451 | D:8      | Reached skill level 1 in Invocations
  9525 | D:8      | Found Wemiaw's Book Boutique.
  9525 | D:8      | Noticed Erica
  9566 | D:8      | Killed Erica
 10039 | D:9      | Found a runed translucent door.
 10040 | D:9      | Noticed milododd's ghost (novice SpAK)
 10059 | D:9      | Found the +5 scythe "Finisher" {speed, eviscerate}
 10121 | D:9      | Found a staircase to the Orcish Mines.
 10145 | D:9      | Slain by a warg

Levels and vault maps discovered:
D:1:      nzn_arrival_settlement, layout_basic, serial_curves, eino_curves_03,
          eino_curves_01
D:2:      layout_loops_ring, dk_noncrumbling_3, corexii_corridor_pit
D:3:      layout_basic, uniq_natasha
D:4:      layout_basic, glass_columns_a
D:5:      layout_basic, minmay_temple_entry_arrows, first_ration, basic_altar,
          serial_shops, nicolae_shop_trees
D:6:      minmay_cornered_nines, layout_basic, serial_shops, shop
D:7:      layout_basic, kennysheep_mini_moat, the_bakery, minivault_23,
          hangedman_decor_lopped, minmay_statues_item, uniq_duvessa
D:8:      layout_loops_corners, dpeg_oklobed_lair, roderic_lattice_a,
          hangedman_abyss_or_decor_clamps, kennysheep_small_circle, uniq_erica,
          uniq_grum
D:9:      layout_big_octagon, minmay_orc_entry_guard_dogs, serial_gnoll_camp,
          grums_kennel, gnoll_camp_mini_hut, gnoll_camp_huts_moat,
          gnoll_camp_mini_hut, gammafunk_ghost_grave,
          minmay_guarded_unrand_finisher
Temple:   minmay_crystal_snake_temple

Skill      XL: |  1  2  3  4  5  6  7  8  9 10 |
---------------+-------------------------------+-----
Stealth        | 6 7 8 9 10 11 | 11.6
Fighting       | 2 3 4 5 6 |  6.3
Throwing       | 2 3 4 5 |  5.8
Dodging        | 2 3 4 5 6 7 |  7.2
Short Blades   | 3 4 5 6 7 |  7.4
Hexes          | 2 3 5 7 8 |  8.5
Invocations    | 2 |  2.2

Action                   |  1- 3 |  4- 6 |  7- 9 | 10-12 || total
-------------------------+-------+-------+-------+-------++-------
Melee: Dagger            |   112 |   188 |   294 |   150 ||   744
       Bite              |     5 |     7 |    56 |    17 ||    85
       Short sword       |       |       |   110 |       ||   110
Throw: Dart              |       |    50 |   103 |    30 ||   183
       Javelin           |       |       |    10 |       ||    10
 Cast: Confuse           |       |       |     1 |     2 ||     3
       Cause Fear        |       |       |       |     1 ||     1
Invok: Line Pass         |       |       |     2 |       ||     2
       Stomp             |       |       |     1 |       ||     1
 Abil: Exsanguinate      |     1 |       |     1 |       ||     2
       Revivify          |     1 |       |       |       ||     1
  Use: Scroll            |     3 |     6 |     3 |       ||    12
       Potion            |     2 |       |     2 |     1 ||     5
 Stab: Sleeping          |    17 |    11 |    22 |    18 ||    68
       Invisible         |     3 |       |       |       ||     3
       Paralysed         |       |       |     6 |     2 ||     8
       Confused          |       |       |     2 |       ||     2
Armor: Robe              |    37 |    35 |    56 |       ||   128
       Ring mail         |       |       |    39 |    36 ||    75
Dodge: Dodged            |    67 |   102 |   231 |    68 ||   468
Block: Other             |     1 |     6 |    24 |     4 ||    35

Table legend:
 A = Non-vault XP
 B = Vault XP
 C = Vault XP percentage of total XP
 D = Non-vault monster count
 E = Vault monster count
 F = Vault count percentage of total count
                 A         B        C        D         E       F
            +---------+---------+-------+---------+---------+-------
      Total |    6313 |    2741 |  30.3 |     212 |      19 |   8.2
            +---------+---------+-------+---------+---------+-------
        D:1 |      46 |       0 |   0.0 |      28 |       0 |   0.0
        D:2 |      81 |       0 |   0.0 |      25 |       0 |   0.0
        D:3 |     273 |      36 |  11.7 |      28 |       1 |   3.4
        D:4 |     234 |       0 |   0.0 |      11 |       0 |   0.0
        D:5 |     533 |      14 |   2.6 |      18 |       1 |   5.3
        D:6 |    1408 |     145 |   9.3 |      32 |       2 |   5.9
        D:7 |    1605 |     443 |  21.6 |      20 |       3 |  13.0
        D:8 |    1734 |    1470 |  45.9 |      44 |       6 |  12.0
        D:9 |     399 |     633 |  61.3 |       6 |       6 |  50.0
            +---------+---------+-------+---------+---------+-------
